 Dungeon Crawl Stone Soup version 0.30.1-1-g62c8e00024 (webtiles) character file.

Game seed: 210152191328508679

457 spardeous the Trooper (level 6, -1/67 HPs)
             Began as a Troll Earth Elementalist on July 18, 2023.
             Slain by Dowan
             ... wielding a +0 dagger
              (3 damage)
             ... on level 4 of the Dungeon.
             The game lasted 00:03:21 (1350 turns).

spardeous the Trooper (Troll Earth Elementalist)    Turns: 1350, Time: 00:03:22

Health: -1/67      AC:  4    Str: 17    XL:     6   Next: 77%
Magic:  6/6        EV:  9    Int: 19    God:
Gold:   36         SH:  0    Dex: 10    Spells: 6/7 levels left

rFire   . . .        (no weapon)
rCold   . . .        (no shield)
rNeg    . . .        a - +0 robe
rPois   .            (helmet restricted)
rElec   .            (no cloak)
rCorr   .            (gloves unavailable)
SInv    .            (boots unavailable)
Will    .....        (no amulet)
Stlth   +            d - +6 ring of intelligence
HPRegen 1.11/turn    i - ring of flight
MPRegen 0.10/turn

%: no passive effects
@: about to teleport, flying
A: large, unfitting armour, claws 3, regeneration 1, shaggy fur 1, tough skin 1
a: no special abilities


You were on level 4 of the Dungeon.
You visited 1 branch of the dungeon, and saw 4 of its levels.

You collected 36 gold pieces.

Inventory:

Armour
 a - a +0 robe (worn)
Jewellery
 d - a +6 ring of intelligence (left claw)
 i - a ring of flight (right claw)
Scrolls
 e - a scroll of fear
 j - a scroll of amnesia {unknown}
 k - a scroll of poison {unknown}
 l - a scroll of magic mapping {unknown}
Potions
 b - a potion of magic
 m - a potion of ambrosia {unknown}


   Skills:
 + Level 5.8 Fighting
 - Level 1.5 Dodging
 - Level 1.0 Stealth
 - Level 1.2 Spellcasting
 - Level 0.6 Transmutations
 - Level 2.6 Earth Magic


You had 6 spell levels left.
You knew the following spells:

 Your Spells              Type           Power      Damage    Failure   Level
a - Sandblast             Erth           22%        2d7       6%          1

Your spell library contained the following spells:

 Spells                   Type           Power      Damage    Failure   Level
 Passwall                 Tmut/Erth      5%         N/A       14%         2
 Lesser Beckoning         Tloc           2%         N/A       28%         2
 Stone Arrow              Conj/Erth      12%        3d7       32%         3
 Gell's Gravitas          Tloc           1%         N/A       50%         3
 Teleport Other           Tloc           1%         N/A       50%         3
 Petrify                  Tmut/Erth      7%         N/A       67%         4


Dungeon Overview and Level Annotations

Branches:
Dungeon (4/15)
 Temple: D:4-7

Altars:
Wu Jian

Annotations:
D:4 Dowan, Duvessa


Innate Abilities, Weirdness & Mutations

You are too large for most types of armour.
You have claws for hands.
Your natural rate of healing is unusually fast.
You are covered in fur. (AC +1)
You have tough skin. (AC +1)


Message History

You are too injured to fight recklessly!
You are too injured to fight recklessly!
You are too injured to fight recklessly!
You are too injured to fight recklessly!
You are too injured to fight recklessly!
You are too injured to fight recklessly!
You are too injured to fight recklessly!
You are too injured to fight recklessly!
You are too injured to fight recklessly!
You are too injured to fight recklessly!
You are too injured to fight recklessly!
You are too injured to fight recklessly!
You are too injured to fight recklessly!
You are too injured to fight recklessly!
You are too injured to fight recklessly!
You scratch Duvessa.
Duvessa is lightly wounded.
Duvessa hits you with a +4 short sword of freezing!
* * * LOW HITPOINT WARNING * * *
Duvessa freezes you.
* * * LOW HITPOINT WARNING * * *
You scratch Duvessa.
Duvessa is moderately wounded.
Dowan hits you with a +0 dagger.
* * * LOW HITPOINT WARNING * * *
Duvessa hits you with a +4 short sword of freezing!
* * * LOW HITPOINT WARNING * * *
Duvessa freezes you.
* * * LOW HITPOINT WARNING * * *
Unknown command.
As you read the scroll labelled YSOEJEXZINONK, it crumbles to dust.
It is a scroll of identify.
e - a scroll of fear Dowan hits you with a +0 dagger.
* * * LOW HITPOINT WARNING * * *
Duvessa misses you.
As you read the scroll labelled VUEF ZUFETSANU, it crumbles to dust.
You feel strangely unstable.
It was a scroll of teleportation.
Dowan hits you with a +0 dagger.
You die...

###..### ....###
##....#########
#.###.........#
.....###...##############
......#.###..............
.....#.....#####.........
.....#......#.###e.......
.....#.....#....@##......
###.#......#...e..# .....
...###.....#.....## ####
....#.###.#......#
...#.....###.....#
...#......#.###.##
...#..>..#.....##
#.#......#......##
.###.....#.....#.##


You could see Duvessa and Dowan.

Vanquished Creatures
  Sigmund (D:4)
  Menkaure (D:4)
  A hound (D:4)
  An orc wizard (D:3)
  6 adders (D:4)
  A shadow imp (D:4)
  A worm (D:4)
  13 orcs
  6 endoplasms
  A giant cockroach (D:4)
  3 hobgoblins
  4 jackals (D:4)
  2 kobolds
  3 quokkas
  4 ball pythons
  A frilled lizard (D:3)
49 creatures vanquished.

Notes
Turn   | Place    | Note
-------+----------+-------------------------------------------
     0 | D:1      | spardeous the Troll Earth Elementalist began the quest for
                  | the Orb.
     0 | D:1      | Reached XP level 1. HP: 16/16 MP: 1/1
   157 | D:1      | Reached skill level 1 in Fighting
   207 | D:2      | Reached XP level 2. HP: 25/27 MP: 2/2
   281 | D:3      | Reached skill level 2 in Fighting
   281 | D:3      | Reached XP level 3. HP: 21/36 MP: 3/3
   563 | D:4      | Reached skill level 3 in Fighting
   563 | D:4      | Reached XP level 4. HP: 27/45 MP: 4/4
   727 | D:4      | Reached skill level 4 in Fighting
   727 | D:4      | Reached XP level 5. HP: 17/54 MP: 5/5
   880 | D:4      | Noticed Sigmund
   931 | D:4      | Killed Sigmund
   932 | D:4      | Reached skill level 5 in Fighting
   932 | D:4      | Reached XP level 6. HP: 6/66 MP: 6/6
  1085 | D:4      | Noticed Menkaure
  1132 | D:4      | Killed Menkaure
  1234 | D:4      | Found an ornate altar of the Wu Jian Council.
  1331 | D:4      | Noticed Duvessa
  1342 | D:4      | Noticed Dowan
  1348 | D:4      | HP: 1/67 [Duvessa/+4 short sword of freezing (3)]
  1350 | D:4      | Slain by Dowan

Illustrated notes

Levels and vault maps discovered:
D:1:      lightli_arrival_lavapool, layout_basic, serial_shops,
          nicolae_shop_rolled_up
D:2:      minmay_diamond_boxcup, layout_basic, basic_altar,
          shapermc_ecumenical_altar_hornbeckon, minmay_lizard_pond
D:3:      minmay_skewed_foursquare, layout_basic,
          nicolae_overflow_ecumenical_swirl, gammafunk_ghost_cemetery
D:4:      nicolae_BIG_FREAKIN_CUBE, layout_rooms,
          mainiacjoe_overflow_cross_hatched, serial_curves, eino_curves_03,
          eino_curves_04, nicolae_figureground_pulse, uniq_duvessa,
          uniq_sigmund, uniq_menkaure

Skill      XL: |  1  2  3  4  5 |
---------------+----------------+-----
Fighting       | 1 2 3 4 5 |  5.8
Dodging        | |  1.5
Stealth        | |  1.0
Spellcasting   | |  1.2
Transmutations | |  0.6
Earth Magic    | |  2.6

Action                     |  1- 3 |  4- 6 || total
---------------------------+-------+-------++-------
  Melee: Unarmed           |    88 |   128 ||   216
         Punch             |     1 |       ||     1
   Cast: Sandblast         |       |     1 ||     1
    Use: Potion            |       |     5 ||     5
         Scroll            |       |     2 ||     2
   Stab: Sleeping          |     1 |       ||     1
 Armour: Robe              |    16 |    49 ||    65
  Dodge: Dodged            |    46 |    65 ||   111
